AoeStats
← 我要干饭啦

Arena

509369026Analyzed
4v4 RM · 7d ago on Sep 26, 2026· 74m 29s· 8 players
Game mode
Random Map
Map size
Large (8 player)
Population
200
Speed
Normal
Resources
Standard
Victory
Conquest
Starting age
Dark Age
Ending age
Imperial Age
RankedLock teamsTeams togetherTeam positionsShared explorationLock speedFull tech treeHidden civsTurbo modeCheats
Victory
Defeat
🇨🇳 Ethiopians · China
1253
+13
🇲🇴 Persians · Macao SAR China
1236
+14
🇨🇳 Jurchens · China
1229
+14
🇨🇳 Britons · China
1093
+20
🇲🇽 Muisca · Mexico
1241
-18
🇨🇱 Persians · Chile
1200
-16
🇺🇸 Khmer · United States
1185
-15
🇲🇽 Lithuanians · Mexico
1101
-12
gandalla
9:22 Loom
11:08 Feudal Age
11:30 Loom
14:44 Castle Age
12:55 Horse Collar
13:19 Double-Bit Axe
16:18 Bow Saw
16:27 Heavy Plow
19:53 Wheelbarrow
32:31 Imperial Age
30:39 Bloodlines
30:29 Husbandry
31:18 Scale Barding Armor
31:24 Forging
32:29 Hand Cart
32:38 Chain Barding Armor
33:28 Tusk Swords
33:49 Conscription
35:02 Plate Barding Armor
35:02 Iron Casting
34:29 Gold Mining
34:30 Stone Mining
37:44 Heavy Scorpion
39:11 Ballistics
39:51 Chemistry
40:49 Elite Battle Elephant
47:37 Gold Shaft Mining
50:11 Double Crossbow
62:18 Light Cavalry
Avila1997
10:08 Feudal Age
14:28 Castle Age
13:54 Double-Bit Axe
14:03 Loom
17:30 Sanctity
17:23 Fervor
20:41 Redemption
21:47 Bow Saw
27:14 Wheelbarrow
33:15 Imperial Age
30:36 Horse Collar
31:55 Scale Mail Armor
31:17 Pikeman
31:57 Squires
32:37 Forging
33:53 Heavy Plow
33:44 Gold Mining
33:18 Elite Temple Guard
34:34 Iron Casting
35:05 Chain Mail Armor
36:45 Plate Mail Armor
40:07 Hand Cart
48:41 Fletching
48:52 Padded Archer Armor
50:15 Conscription
51:56 Elite Skirmisher
52:41 Thumb Ring
52:32 Bodkin Arrow
52:53 Leather Archer Armor
53:01 Ballistics
53:42 Chemistry
52:48 Siege Engineers
57:23 Illumination
59:14 Bracer
luisavila00234
10:24 Feudal Age
8:40 Loom
14:27 Horse Collar
17:13 Castle Age
15:15 Double-Bit Axe
15:58 Gold Mining
17:06 Fletching
17:20 Padded Archer Armor
24:26 Forging
28:16 Crossbowman
34:55 Bow Saw
38:40 Scale Mail Armor
40:58 Scale Barding Armor
41:29 Iron Casting
42:16 Chain Mail Armor
42:22 Chain Barding Armor
42:30 Chain Barding Armor
42:56 Wheelbarrow
46:20 Imperial Age
SAIBOT
10:12 Feudal Age
13:50 Castle Age
12:36 Double-Bit Axe
12:33 Horse Collar
15:13 Bow Saw
20:21 Heavy Plow
22:35 Wheelbarrow
22:08 Gold Mining
23:58 Hand Cart
25:29 Loom
26:19 Husbandry
26:29 Bloodlines
29:14 Imperial Age
27:03 Scale Barding Armor
27:08 Forging
26:54 Stone Mining
28:04 Chain Barding Armor
28:55 Cavalier
31:19 Two-Man Saw
30:28 Savar
33:05 Plate Barding Armor
34:54 Iron Casting
36:17 Conscription
37:31 Blast Furnace
37:55 Fletching
40:21 Crop Rotation
42:10 Capped Ram
43:43 Siege Ram
46:14 Devotion
45:49 Elite War Elephant
47:26 Light Cavalry
48:03 Hussar
53:55 Bodkin Arrow
57:36 Chemistry
59:13 Guard Tower
59:44 Ballistics
长崎舞喜姬
9:45 Feudal Age
13:39 Castle Age
12:13 Double-Bit Axe
12:44 Horse Collar
21:46 Wheelbarrow
22:08 Bow Saw
22:33 Gold Mining
26:41 Imperial Age
25:02 Scale Barding Armor
25:07 Forging
26:09 Chain Barding Armor
26:37 Husbandry
26:47 Bloodlines
27:39 Gold Shaft Mining
26:27 Cavalier
28:13 Iron Casting
28:14 Plate Barding Armor
30:10 Blast Furnace
31:12 Plate Barding Armor
31:38 Stone Mining
32:57 Two-Man Saw
32:00 Heavy Plow
32:20 Savar
35:01 Pikeman
35:42 Squires
35:27 Gambesons
35:59 Halberdier
37:14 Fletching
42:27 Devotion
43:24 Kamandaran
44:04 Scale Mail Armor
44:00 Bodkin Arrow
44:07 Padded Archer Armor
44:31 Conscription
44:28 Masonry
44:29 Crossbowman
45:17 Thumb Ring
45:23 Light Cavalry
45:26 Heavy Camel Rider
48:32 Crop Rotation
48:36 Hussar
51:42 Ballistics
57:56 Loom
62:58 Hand Cart
64:32 Chain Mail Armor
64:33 Leather Archer Armor
65:51 Caravan
74:54 Ring Archer Armor
我要干饭啦
10:25 Feudal Age
13:59 Castle Age
12:31 Double-Bit Axe
12:52 Horse Collar
15:20 Bow Saw
15:17 Heavy Plow
25:41 Wheelbarrow
27:03 Hand Cart
27:25 Gold Mining
27:27 Stone Mining
31:00 Imperial Age
28:19 Loom
28:19 Town Watch
29:07 Scale Barding Armor
29:13 Forging
30:26 Chain Barding Armor
29:47 Treadmill Crane
32:15 Iron Casting
32:50 Plate Barding Armor
33:49 Two-Man Saw
33:21 Crop Rotation
34:34 Blast Furnace
33:31 Elite Iron Pagoda
34:32 Conscription
34:16 Fortified Bastions
34:53 Hoardings
34:40 Ballistics
34:26 Siege Engineers
34:35 Town Patrol
37:18 Capped Ram
38:18 Siege Ram
39:20 Fletching
40:32 Chemistry
40:05 Caravan
40:16 Guilds
54:49 Bodkin Arrow
55:05 Masonry
54:50 Murder Holes
55:06 Fortified Wall
58:29 Architecture
何金银
10:09 Feudal Age
10:50 Double-Bit Axe
13:51 Castle Age
13:23 Horse Collar
14:51 Man-at-Arms
16:11 Long Swordsman
22:11 Scale Mail Armor
24:43 Forging
28:46 Wheelbarrow
30:49 Bow Saw
31:49 Heavy Plow
31:44 Gold Mining
33:22 Hand Cart
36:08 Imperial Age
33:24 Loom
33:43 Fletching
33:53 Padded Archer Armor
34:20 Bodkin Arrow
34:49 Ballistics
36:39 Leather Archer Armor
35:54 Crossbowman
37:08 Thumb Ring
36:28 Arbalester
38:01 Gold Shaft Mining
39:25 Ring Archer Armor
38:56 Bracer
40:00 Chemistry
39:03 Capped Ram
40:49 Chain Mail Armor
41:05 Squires
42:04 Arson
42:52 Plate Mail Armor
42:58 Iron Casting
41:58 Siege Ram
42:16 Halberdier
46:59 Blast Furnace
47:26 Conscription
58:46 Royal Heirs
60:19 Elite Shotel Warrior
61:11 Two-Handed Swordsman
62:03 Elite Shotel Warrior
无理我
11:22 Feudal Age
11:07 Loom
15:15 Castle Age
20:14 Forging
21:39 Double-Bit Axe
41:59 Pikeman
42:43 Squires
44:09 Forging
44:00 Scale Mail Armor
50:02 Chain Mail Armor
50:23 Iron Casting
50:36 Horse Collar
59:12 Imperial Age
60:15 Halberdier
67:21 Man-at-Arms
67:47 Gambesons
68:46 Long Swordsman
69:53 Two-Handed Swordsman
Connection lost

Rejoining the realm…

Still unreachable

The connection could not be restored.

Session expired

The server has moved on; the page needs a fresh start.